 Seeded DCSS version 0.30-a0-373-gd37427bb62 (console) character file.

Game seed: 14118730869767860979 (custom seed)

75599 mmoncure the Grappler (level 15, -1/171 HPs)
             Began as a Troll Transmuter on Nov 23, 2022.
             Was a High Priest of Ashenzari.
             Slain by a shock serpent (14 damage)
             ... on level 1 of the Snake Pit on Nov 24, 2022.
             The game lasted 00:48:42 (24717 turns).

mmoncure the Grappler (Troll Transmuter)           Turns: 24717, Time: 00:48:43

Health: -1/171     AC: 15    Str: 22    XL:     15   Next: 10%
Magic:  20/23      EV: 12    Int: 21    God:    Ashenzari [*****.]
Gold:   1267       SH:  5    Dex: 10    Spells: 14/26 levels left

rFire   x . .      SeeInvis +      - Unarmed
rCold   + + +      Faith    .    (shield currently unavailable)
rNeg    . . .      Spirit   .    (body armour currently unavailable)
rPois   +          Reflect  +    (helmet currently unavailable)
rElec   .          Harm     .    (cloak currently unavailable)
rCorr   .          Rampage  .    (gloves unavailable)
Will    +....      Clarity  +    (boots unavailable)
Stlth   +.........               H - amulet of Panopticon {Reflect SH+5, Evo, Elem} (curse)
HPRegen 1.28/turn                l - ring "Chained With Me" {Fly, Fort, Alch} (curse)
MPRegen 0.18/turn                L - ring of the Elysian Dogma {Int+6, Bglg, Elem} (curse)

@: ice-form, flying
A: freezing attack, amphibious, boosted hp, large, unfitting armour, (claws 3),
regeneration 1, (shaggy fur 1), (tough skin 1)
a: End Transformation, Renounce Religion, Shatter the Chains


You were on level 1 of the Snake Pit.
You worshipped Ashenzari.
Ashenzari was extremely pleased with you.
You were a creature of crystalline ice.
You visited 4 branches of the dungeon, and saw 20 of its levels.
You also visited: Gauntlet.

You collected 1933 gold pieces.
You spent 666 gold pieces at shops.

Inventory:

Missiles
 U - 6 silver javelins
Armour
 o - the +1 robe of Dyecaluza {+Inv rN+}
   (You found it on level 3 of the Dungeon)

   rN:        It protects you from negative energy.
   +Inv:      It lets you turn invisible.
 w - the cursed +2 robe "Restrained Visionary" (melded) {Int+6 Archmagi, Elem, Self}
   (You found it on level 4 of the Dungeon)

   Int:       It affects your intelligence (+6).
   Archmagi:  It increases the power of your magical spells.
   It has a curse which improves the following skills: Elements: Fire Magic, Ice
   Magic, Air Magic and Earth Magic.
   Introspection: Fighting and Spellcasting.
 z - the cursed +2 cloak "Oscillating Fan" (melded) {Evo, Melee}
   (You took it off Crazy Yiuf on level 5 of the Dungeon)

   It has a curse which improves the following skills: Evocations: Evocations.
   Melee Combat: Short Blades, Long Blades, Axes, Maces & Flails, Polearms,
   Staves and Unarmed Combat.
 S - the cursed +2 hat "Fetters of Ashenzari" (melded) {rF+ MP+9 Str+4, Elem, Alch}
   (You found it in a Gauntlet)

   Str:       It affects your strength (+4).
   rF:        It protects you from fire.
   MP:        It affects your magic capacity (+9).
   It has a curse which improves the following skills: Elements: Fire Magic, Ice
   Magic, Air Magic and Earth Magic.
   Alchemy:   Poison Magic and Transmutations.
 X - the +2 hat of Tomorrow {*Slow Regen+ Int+5}
   (You found it on level 1 of the Orcish Mines)

   Int:       It affects your intelligence (+5).
   Regen:     It increases your rate of health regeneration.
   *Slow:     It may slow you when you take damage.
 Z - a +2 cloak
Jewellery
 l - the cursed ring "Chained With Me" (left front paw) {Fly, Fort, Alch}
   (You found it on level 2 of the Dungeon)

   [ring of flight]

   Fly:       It grants you flight.
   It has a curse which improves the following skills: Fortitude: Armour and
   Shields.
   Alchemy:   Poison Magic and Transmutations.
 v - an amulet of faith
 H - the cursed amulet of Panopticon (around neck) {Reflect SH+5, Evo, Elem}
   (You found it on level 8 of the Dungeon)

   [amulet of reflection]

   It reflects blocked missile attacks.
   SH:        It affects your SH (+5).
   It has a curse which improves the following skills: Evocations: Evocations.
   Elements:  Fire Magic, Ice Magic, Air Magic and Earth Magic.
 J - an amulet of regeneration
 K - an amulet of magic regeneration
 L - the cursed ring of the Elysian Dogma (right front paw) {Int+6, Bglg, Elem}
   (You found it on level 7 of the Dungeon)

   [ring of intelligence]

   Int:       It affects your intelligence (+6).
   It has a curse which improves the following skills: Beguiling: Conjurations,
   Hexes and Translocations.
   Elements:  Fire Magic, Ice Magic, Air Magic and Earth Magic.
 N - a ring of wizardry
 V - a ring of positive energy
Wands
 a - a wand of polymorph (17)
 d - a wand of digging (21)
 A - a wand of flame (44)
 E - a wand of paralysis (30)
 F - a wand of iceblast (13)
 G - a wand of mindburst (22)
 M - a wand of light (20)
Scrolls
 b - 3 scrolls of amnesia
 c - 9 scrolls of enchant weapon
 f - 8 scrolls of vulnerability
 g - 19 scrolls of teleportation
 h - 3 scrolls of blinking
 i - 5 scrolls of fog
 j - a scroll of torment
 p - 3 scrolls of magic mapping
 r - a scroll of silence
 s - 2 scrolls of brand weapon
 t - 3 scrolls of immolation
 x - 2 scrolls of summoning
 y - a scroll of fear
 B - 3 scrolls of noise
 C - 3 scrolls of poison
 Y - a scroll of enchant armour
Potions
 e - 4 potions of might
 k - 2 potions of invisibility
 m - 3 potions of attraction
 n - 7 potions of curing
 q - 2 potions of flight
 u - 4 potions of heal wounds
 D - a potion of magic
 P - a potion of lignification
 Q - a potion of resistance
 R - a potion of berserk rage
 T - 2 potions of haste
 W - a potion of ambrosia
Miscellaneous
 O - a lightning rod (4/4)


   Skills:
 + Level 7.7 Fighting
 + Level 7.9 Dodging
 * Level 13.2 Unarmed Combat
 + Level 6.0 Spellcasting
 + Level 3.1(5.1) Conjurations
 * Level 10.2(12.5) Transmutations
 + Level 6.6(10.1) Ice Magic
 + Level 3.6(6.7) Earth Magic
 + Level 6.0(8.3) Evocations


You had 14 spell levels left.
You knew the following spells:

 Your Spells              Type           Power      Damage    Failure   Level
a - Beastly Appendage     Tmut           100%       N/A       1%          1
b - Wereblood             Tmut           56%        N/A       1%          2
c - Ice Form              Ice/Tmut       52%        N/A       1%          4
d - Lee's Rapid Deconstr  Erth           17%        3d10*     17%         5

Your spell library contained the following spells:

 Spells                   Type           Power      Damage    Failure   Level
 Magic Dart               Conj           100%       1d8       1%          1
 Sting                    Tmut/Pois      100%       1d8       1%          1
 Spider Form              Tmut/Pois      33%        N/A       1%          3
 Blade Hands              Tmut           28%        N/A       1%          5
 Momentum Strike          Conj/Tloc      34%        3d8       4%          2
 Static Discharge         Conj/Air       36%        2-4/arc   4%          2
 Ignite Poison            Fire/Tmut/Pois 25%        N/A       4%          3
 Apportation              Tloc           14%        N/A       9%          1
 Necrotise                Necr           24%        1d5       10%         1
 Summon Small Mammal      Summ           24%        N/A       10%         1
 Dazzling Flash           Conj/Hex       34%        N/A       10%         3
 Scorch                   Fire           16%        2d5       12%         2
 Blink                    Tloc           14%        N/A       13%         2
 Poisonous Vapours        Pois/Air       14%        N/A       13%         2
 Mephitic Cloud           Conj/Pois/Air  14%        N/A       13%         3
 Call Imp                 Summ           6%         N/A       14%         2
 Kindle Blastsparks       Fire/Tloc/Air  16%        2d11      24%         3
 Animate Armour           Summ/Erth      40%        N/A       24%         4
 Lesser Beckoning         Tloc           14%        N/A       26%         3
 Vhi's Electric Charge    Tloc/Air       14%        N/A       26%         3
 Summon Guardian Golem    Hex/Summ       6%         N/A       28%         3
 Flame Wave               Conj/Fire      18%        2d7       30%         4
 Fulminant Prism          Conj/Hex       8%         3d7       30%         4
 Iskenderun's Mystic Bla  Conj/Tloc      17%        2d5       30%         4
 Freezing Cloud           Conj/Ice/Air   14%        6-21      30%         5
 Iskenderun's Battlesphe  Conj           28%        2d8       32%         5
 Arcjolt                  Conj/Air       9%         1d19      63%         5
 Lightning Bolt           Conj/Air       9%         1d21      63%         5
 Olgreb's Toxic Radiance  Pois           7%         N/A       65%         4
 Iron Shot                Conj/Erth      15%        9d4       78%         6
 Summon Forest            Summ/Tloc      3%         N/A       95%         5
 Summon Mana Viper        Hex/Summ       6%         N/A       95%         5
 Starburst                Conj/Fire      9%         6d5       99%         6
 Summon Cactus Giant      Summ           3%         N/A       100%        6
 Malign Gateway           Summ/Tloc      3%         N/A       100%        7
 Spellforged Servitor     Conj/Summ      8%         N/A       100%        7
 Summon Horrible Things   Summ           3%         N/A       100%        8
 Dragon's Call            Summ           3%         N/A       100%        9


Dungeon Overview and Level Annotations

Branches:
Dungeon (11/15)            Temple (0/1) D:4            Lair (5/5) D:9
 Shoals (0/4) Lair:3        Snake (2/4) Lair:2        Slime (0/5) Lair:4
    Orc (2/2) D:9             Elf (0/3) Orc:2       Gauntlet (visited)

Altars:
Ashenzari
Cheibriados
Elyvilon
Fedhas
Gozag
Makhleb
Okawaru
Ru
Trog
Wu Jian
Xom
Zin
Jiyva

Shops:
Orc:1 (   Orc:2 ?*:[

Portals:
Pandemonium: Orc:2

Annotations:
D:10 2 transporters, gebbletook2's ghost, novice VSFi
D:11 1 runed translucent door
Lair:5 1 runed translucent door, exclusion: obsidian statue, Frost42's ghost, journeyman MiFi


Innate Abilities, Weirdness & Mutations

You are a creature of crystalline ice.
You have a powerful freezing melee attack.
You are amphibious.
Your maximum health is increased.
Your armour is entirely melded.
You are incapable of wielding weapons or throwing items.
You are too large for most types of armour.
((You have claws for hands.))
Your natural rate of healing is unusually fast.
((You are covered in fur. (AC +1)))
((You have tough skin. (AC +1)))


Message History

The black mamba bites you. The shock serpent bites you!
The shock serpent shocks you! The black mamba bites you.
You barely miss the shock serpent.
The shock serpent is lightly wounded.
The black mamba barely misses you. You block the shock serpent's attack.
You hit the shock serpent. You freeze the shock serpent.
The shock serpent is lightly wounded.
The black mamba bites you.
The shock serpent shoots out a bolt of lightning at you!
The bolt of electricity hits you!! The bolt of electricity misses you.
The bolt of electricity hits the shock serpent.
The shock serpent completely resists.
The bolt of electricity hits the shock serpent.
The shock serpent completely resists.
You closely miss the shock serpent.
The shock serpent is lightly wounded.
The black mamba bites you! The shock serpent bites you!
* * * LOW HITPOINT WARNING * * *
The shock serpent shocks you!
* * * LOW HITPOINT WARNING * * *
The black mamba bites you but does no damage.
You hit the shock serpent but do no damage.
The shock serpent is lightly wounded.
The black mamba misses you.
The shock serpent shoots out a bolt of lightning at you!
The bolt of electricity misses you. x2
The bolt of electricity hits the shock serpent.
The shock serpent completely resists.
The bolt of electricity hits the shock serpent.
The shock serpent completely resists.
You pummel the shock serpent!!
The shock serpent seems to slow down.
You freeze the shock serpent!
The shock serpent is almost dead.
The shock serpent's electric aura discharges violently, shocking you!
* * * LOW HITPOINT WARNING * * *
The black mamba bites you but does no damage.
The shock serpent bites you.
* * * LOW HITPOINT WARNING * * *
The shock serpent shocks you!
You die...

##.##).......
##.##.....####
###.###...####.#
##..## #.#####..#
##....# #####..##.
#.....# #...#..
##...## #..##..
#...## ####.#.##
###YS## #.#..#...
##.S.## ##...#..##
####...##
#...##....
##.#..#####
#....##### ##.##.##
#.## #...##....
#..#..# ##.#
#....####. ##.#####
#.# ##....####.
##.## ###.##
#...#.#.... ##.##
##....###...#.).#.#


You could see a shock serpent (slow) and a black mamba.

Vanquished Creatures
  A minotaur (Gauntlet)
  2 dire elephants (Lair:5)
  A blizzard demon (Gauntlet)
  The ghost of snetch the Cleaver, a journeyman MiBe of Trog (D:11)
  2 catoblepae (Lair:4)
  4 hydras
  2 anacondas (Snake:1)
  A demonspawn (Orc:2)
  2 boulder beetles
  8 death yaks
  A naga warrior (Snake:1)
  A two-headed ogre (D:9)
  10 orc high priests (Orc:2)
  A shock serpent (Snake:1)
  A spectral dire elephant (Lair:5)
  A naga ritualist (Snake:1)
  A spectral anaconda (Lair:5)
  2 deep elf zephyrmancers (Orc:1)
  A lindwurm (Lair:5)
  5 orc knights
  4 mana vipers (Snake:1)
  Pikel (D:6)
  4 necromancers (Lair:5)
  5 orc sorcerers
  3 manticores
  7 black mambas
  2 salamanders (Snake:1)
  A rust devil (Orc:2)
  An oklob plant (Lair:5)
  A merfolk siren (Lair:3)
  14 elephants
  A guardian serpent (Snake:1)
  5 naga magi (Snake:1)
  An orange demon (Orc:2)
  A cane toad (Lair:2)
  A rime drake (Lair:2)
  A dire elephant skeleton (Lair:5)
  9 komodo dragons
  An ice devil (Orc:2)
  A queen bee (D:11)
  2 red devils (Orc:2)
  4 trolls
  3 polar bears
  A spectral elephant (Lair:5)
  7 dream sheep (Lair:4)
  Grinder (D:5)
  8 blink frogs
  Sigmund (D:4)
  A spriggan (D:8)
  A vampire (D:11)
  8 shadows
  37 yaks
  8 wyverns
  A wraith (D:8)
  7 basilisks
  Menkaure (D:5)
  2 vampire mosquitoes (D:11)
  A death yak simulacrum (Lair:5)
  2 wargs
  9 nagas
  An acid dragon (D:8)
  17 water moccasins
  A swamp drake (Orc:1)
  37 orc warriors
  3 black bears
  6 ogres
  An elephant zombie (Lair:5)
  7 centaurs
  6 wolves (Lair:5)
  An elephant skeleton (Lair:5)
  4 lemures (D:6)
  2 phantoms
  3 kobold brigands
  Blork the orc (Orc:1)
  7 bullfrogs
  A gnoll sergeant (D:9)
  A necrophage (D:6)
  A cane toad simulacrum (Lair:5)
  3 scorpions
  3 wights (D:9)
  18 killer bees
  An elephant simulacrum (Lair:5)
  4 howler monkeys
  A crimson imp (Orc:1)
  A gnoll bouda (D:6)
  23 orc priests
  Crazy Yiuf (D:5)
  4 hounds
  3 jellies
  An iron imp (Orc:1)
  24 orc wizards
  Jessica (D:2)
  3 iguanas
  21 gnolls
  2 adders
  3 shadow imps
  4 white imps
  2 ufetubi
  A worm (D:3)
  4 dart slugs
  83 orcs
  3 ball pythons
  4 bats
  2 endoplasms
  6 giant cockroaches
  7 goblins
  4 hobgoblins
  8 jackals (D:3)
  22 kobolds
  2 quokkas (D:2)
  4 frilled lizards
  3 rats
593 creatures vanquished.

Vanquished Creatures (others)
  2 butterflies (D:5)
  31 demonic plants (Gauntlet)
  8 fungi
  71 plants
  16 withered plants (Lair:5)
128 creatures vanquished.

Grand Total: 721 creatures vanquished

Notes
Turn   | Place    | Note
-------+----------+-------------------------------------------
     0 | D:1      | mmoncure the Troll Transmuter began the quest for the Orb.
     0 | D:1      | Reached XP level 1. HP: 18/18 MP: 1/1
   101 | D:1      | Reached XP level 2. HP: 25/26 MP: 2/2
   250 | D:1      | Learned a level 2 spell: Wereblood
   448 | D:1      | Reached skill level 1 in Fighting
   882 | D:2      | Noticed Jessica
   898 | D:2      | HP: 1/27 [Jessica/+0 club (6)]
   905 | D:2      | Killed Jessica
   906 | D:2      | Reached XP level 3. HP: 11/33 MP: 4/4
  1141 | D:2      | Reached XP level 4. HP: 41/41 MP: 1/5
  1695 | D:3      | Reached skill level 4 in Unarmed Combat
  1695 | D:3      | Reached XP level 5. HP: 42/48 MP: 2/6
  1909 | D:3      | Identified the +1 robe of Dyecaluza {+Inv rN+}
  2630 | D:4      | Found a staircase to the Ecumenical Temple.
  2684 | D:4      | Reached XP level 6. HP: 25/57 MP: 7/7
  2766 | D:4      | Noticed Sigmund
  2786 | D:4      | Killed Sigmund
  2968 | D:4      | Found an iron altar of Okawaru.
  2974 | D:4      | Identified the +2 robe of the Gardener {Int+6 Archmagi}
  3252 | D:4      | Learned a level 4 spell: Ice Form
  3254 | D:5      | Entered Level 5 of the Dungeon
  3254 | D:5      | Noticed Grinder
  3291 | D:4      | Reached skill level 5 in Unarmed Combat
  3291 | D:4      | Reached XP level 7. HP: 12/65 MP: 9/9
  3429 | D:5      | Identified the +12 quarterstaff "Newtbane" {drain, Int-5
                  | Dex+4 SInv}
  3555 | D:5      | Noticed Menkaure
  3570 | D:5      | Killed Menkaure
  3862 | D:5      | Killed Grinder
  3863 | D:5      | Reached skill level 1 in Ice Magic
  3863 | D:5      | Reached XP level 8. HP: 68/74 MP: 10/10
  3870 | D:5      | Found a shimmering altar of Xom.
  3987 | D:5      | Reached skill level 6 in Unarmed Combat
  4078 | D:5      | Found a runed translucent door.
  4079 | D:5      | Noticed Crazy Yiuf
  4091 | D:5      | Killed Crazy Yiuf
  4551 | D:6      | Noticed Pikel
  4562 | D:6      | Killed Pikel
  4656 | D:6      | Reached XP level 9. HP: 41/83 MP: 9/12
  4873 | D:6      | Reached skill level 5 in Transmutations
  4891 | D:6      | Reached skill level 7 in Unarmed Combat
  5150 | D:6      | Found a snail-covered altar of Cheibriados.
  5231 | D:6      | Found a sacrificial altar of Ru.
  5620 | D:7      | You are sucked into a shaft and drop 2 floors!
  5621 | D:9      | Noticed a two-headed ogre
  5635 | D:9      | Killed a two-headed ogre
  5718 | D:9      | Reached skill level 1 in Evocations
  5890 | D:8      | Reached XP level 10. HP: 87/92 MP: 14/14
  5933 | D:8      | Found a white marble altar of Elyvilon.
  5942 | D:8      | Reached skill level 8 in Unarmed Combat
  6027 | D:8      | Identified the +11 whip of Oheomutse {vamp, Str+3 Dex+2}
  6277 | D:8      | Found a bloodstained altar of Trog.
  6676 | D:8      | Found a broken altar of Ashenzari.
  6676 | D:8      | Found a blossoming altar of Fedhas.
  6684 | D:8      | Became a worshipper of Ashenzari the Shackled
  7502 | D:9      | Found a staircase to the Lair.
  7732 | D:9      | Reached skill level 5 in Dodging
  8009 | D:9      | Reached skill level 9 in Unarmed Combat
  8052 | D:9      | Reached * piety under Ashenzari
  8226 | D:9      | Found a staircase to the Orcish Mines.
  8473 | D:10     | Entered Level 10 of the Dungeon
  8653 | D:10     | Found an ornate altar of the Wu Jian Council.
  8690 | D:10     | Noticed a boulder beetle
  8709 | D:10     | Killed a boulder beetle
  8710 | D:10     | Reached XP level 11. HP: 79/101 MP: 12/16
  8821 | D:10     | Reached skill level 5 in Fighting
  8870 | D:10     | Found a transporter.
  8871 | D:10     | Noticed gebbletook2's ghost (novice VSFi)
  8878 | D:10     | Noticed an eight-headed hydra
  8883 | D:10     | Reached ** piety under Ashenzari
  8884 | D:10     | Found a transporter.
  8885 | D:10     | Found an opulent altar of Gozag.
  9018 | D:10     | Found a burning altar of Makhleb.
  9426 | D:11     | Noticed a sixfirhy
  9426 | D:11     | Found a runed translucent door.
  9490 | D:11     | Identified the +1 ring mail of Cyiha {Stlth+}
  9509 | D:11     | Found a runed translucent door.
  9666 | D:11     | Reached *** piety under Ashenzari
 10254 | D:11     | Noticed a boulder beetle
 10264 | D:11     | Killed a boulder beetle
 10333 | D:11     | Reached **** piety under Ashenzari
 10440 | D:11     | Identified the cursed +2 hat "Shattered Together" {Bglg,
                  | Self} (You found it on level 8 of the Dungeon)
 10766 | D:11     | Noticed snetch's ghost (journeyman MiBe)
 10766 | D:11     | Identified the +1 plate armour "Nuck" {rN+}
 10784 | D:11     | Killed snetch's ghost
 10785 | D:11     | Reached skill level 10 in Unarmed Combat
 10874 | Lair:1   | Entered Level 1 of the Lair of Beasts
 11316 | Lair:1   | Reached ***** piety under Ashenzari
 11499 | Lair:1   | Identified the cursed +2 cloak "Oscillating Fan" {Evo,
                  | Melee} (You took it off Crazy Yiuf on level 5 of the
                  | Dungeon)
 11822 | Lair:2   | Reached XP level 12. HP: 111/111 MP: 17/17
 11879 | Lair:2   | Found a gate leading to a gauntlet.
 11883 | Gauntlet | Entered a Gauntlet
 11883 | Gauntlet | Found a transporter.
 11883 | Gauntlet | Found a transporter.
 11897 | Gauntlet | Noticed a blizzard demon
 11904 | Gauntlet | Identified the +2 hat "Vacviusu" {rF+ MP+9 Str+4}
 11905 | Gauntlet | Found a transporter.
 11906 | Gauntlet | Found a transporter.
 11925 | Gauntlet | Found a transporter.
 11985 | Gauntlet | Killed a blizzard demon
 12125 | Gauntlet | Found a transporter.
 12146 | Gauntlet | Noticed a minotaur
 12158 | Gauntlet | Killed a minotaur
 12614 | Lair:2   | Found a glowing silver altar of Zin.
 12838 | Lair:2   | Found a staircase to the Snake Pit.
 12881 | Lair:2   | Noticed a five-headed hydra
 12890 | Lair:2   | Killed a five-headed hydra
 12958 | Lair:2   | Noticed a death yak
 12958 | Lair:2   | Noticed a death yak
 12958 | Lair:2   | Noticed a death yak
 12958 | Lair:2   | Noticed a death yak
 12959 | Lair:2   | Noticed a death yak
 12962 | Lair:2   | Noticed a death yak
 12966 | Lair:2   | Killed a death yak
 12967 | Lair:2   | Reached skill level 5 in Ice Magic
 12972 | Lair:2   | Killed a death yak
 12992 | Lair:1   | Killed a death yak
 12993 | Lair:1   | Reached skill level 11 in Unarmed Combat
 13453 | Lair:1   | Killed a death yak
 13462 | Lair:1   | Killed a death yak
 13937 | Lair:2   | Killed a death yak
 14269 | Lair:3   | Reached skill level 5 in Spellcasting
 14595 | Lair:3   | Identified the +4 short sword of a wizard's laboratory
                  | {vorpal, rPois rF- Int+5}
 15155 | Lair:3   | Found a staircase to the Shoals.
 15435 | Lair:4   | Noticed a five-headed hydra
 15444 | Lair:4   | Killed a five-headed hydra
 15445 | Lair:4   | Reached XP level 13. HP: 112/122 MP: 19/19
 16520 | Lair:4   | Found a staircase to the Slime Pits.
 16521 | Lair:4   | Found a viscous altar of Jiyva.
 17149 | Lair:5   | Entered Level 5 of the Lair of Beasts
 17239 | Lair:5   | Reached skill level 5 in Evocations
 17647 | Lair:5   | Noticed a dire elephant
 17647 | Lair:5   | Noticed a dire elephant
 17729 | Lair:5   | Reached skill level 12 in Unarmed Combat
 17736 | Lair:5   | Reached skill level 1 in Earth Magic
 17820 | Lair:5   | Killed a dire elephant
 17891 | Lair:5   | Killed a dire elephant
 17892 | Lair:5   | Reached skill level 1 in Conjurations
 18168 | Lair:5   | Learned a level 5 spell: Lee's Rapid Deconstruction
 18236 | Lair:5   | Found a runed translucent door.
 18236 | Lair:5   | Found a shimmering altar of Xom.
 18236 | Lair:5   | Noticed Frost42's ghost (journeyman MiFi)
 19103 | Lair:5   | Reached XP level 14. HP: 133/133 MP: 6/21
 19701 | Orc:1    | Entered Level 1 of the Orcish Mines
 19890 | Orc:1    | Found Inu Karph's Weapon Shoppe.
 20223 | Orc:1    | Noticed Blork the orc
 20237 | Orc:1    | Killed Blork the orc
 20468 | Orc:1    | Identified the +2 hat of Tomorrow {*Slow Regen+ Int+5}
 20614 | Orc:2    | Entered Level 2 of the Orcish Mines
 20947 | Orc:2    | Found Guuquq's Magic Scroll Boutique.
 20965 | Orc:2    | Found Duism's General Store.
 21316 | Orc:2    | Bought a scroll of enchant armour for 105 gold pieces
 21316 | Orc:2    | Bought 3 scrolls of teleportation for 126 gold pieces
 21316 | Orc:2    | Bought 3 scrolls of teleportation for 126 gold pieces
 21316 | Orc:2    | Bought a scroll of teleportation for 42 gold pieces
 21316 | Orc:2    | Bought a scroll of teleportation for 42 gold pieces
 21538 | Orc:2    | Reached skill level 10 in Transmutations
 21547 | Orc:2    | Found Gyprub's Antique Armour Shoppe.
 21547 | Orc:2    | Found a one-way gate leading to the halls of Pandemonium.
 21547 | Orc:2    | Found Zoex's Book Emporium.
 21572 | Orc:2    | Bought a runed cloak for 225 gold pieces
 21778 | Orc:2    | Reached skill level 13 in Unarmed Combat
 22043 | Orc:2    | Found a staircase to the Elven Halls.
 22251 | Snake:1  | Entered Level 1 of the Snake Pit
 22616 | Snake:1  | Identified Sif Muna's Exposition on the Comitatus
 23141 | Snake:1  | Reached XP level 15. HP: 70/143 MP: 21/23
 24373 | Snake:2  | HP: 2/149 [naga sharpshooter/arrow (13)]
 24717 | Snake:1  | Slain by a shock serpent

Illustrated notes

Levels and vault maps discovered:
D:1:      elethiomel_arrival_infinity_welcomes_careful_drivers, layout_basic,
          nicolae_kite_square_tiling_tiny, minmay_misc_feat_more_columns,
          kennysheep_decorative_pillar
D:2:      layout_loops_cross, uniq_jessica
D:3:      layout_loops_corners, st_stairs_7, minmay_fractal_squares_5
D:4:      layout_loops_cross, overflow_temple_1_default,
          minmay_temple_entry_ruins, uniq_sigmund
D:5:      layout_loops_ring, xom_butterflies, lemuel_flame_loot_1,
          uniq_crazy_yiuf_cottage, uniq_grinder, uniq_menkaure
D:6:      layout_basic, mainiacjoe_overflow_surrounded_room,
          nicolae_ru_path_of_blood, uniq_pikel
D:7:      layout_basic
D:8:      layout_loops_ring, amethyst_overflow_temple_binary, elyvilon_altar_5,
          trog_ov_bears_minmay, the_hattery
D:9:      layout_loops_ring, minmay_lair_entry_grove,
          minmay_orc_entry_temple_small
D:10:     layout_gridville, nicolae_overflow_crystal_walls,
          mainiacjoe_overflow_tiny_flanked, mainiacjoe_overflow_alcove_1,
          gammafunk_ghost_berserking_beasts
D:11:     cheibrodos_shockbox, layout_stronghold, ebering_ghost_reflecting_pool,
          nicolae_looking_at_the_future
Lair:1:   layout_layer_cave, grunt_megastairs_1
Lair:2:   layout_roguey, minmay_snake_entry_guardpost_small,
          gauntlet_entry_generic, lemuel_centaur_altar,
          infiniplex_staircase_pool
Lair:3:   layout_chaotic_city, minmay_shoals_entry_lonely_mermaid,
          kennysheep_basilisk_garden, infiniplex_staircase_pool_2
Lair:4:   nzn_motion_control, layout_layer_cave, slime_entry_1,
          serial_bayou_pond_c
Lair:5:   due_jungle_book, layout_gridlike, ebering_ghost_xom, minivault_11,
          nicolae_lair_lil_pond, lemuel_fruit_tree
Snake:1:  layout_onion_interference
Snake:2:  layout_onion_interference, serial_shops, nicolae_shop_hallway_plus,
          drop_trap
Orc:1:    layout_caves, serial_shops, nicolae_shop_stone, hangedman_minor_magic
Orc:2:    pf_orc_diabolical, layout_caves

Skill      XL: |  1  2  3  4  5  6  7  8  9 10 11 12 13 14 15 |
---------------+----------------------------------------------+-----
Fighting       | 1 2 3 4 5 6 7 |  7.7
Transmutations | 2 3 4 5 6 7 8 9 10 | 10.2
Dodging        | 2 3 4 5 6 7 |  7.9
Unarmed Combat | 4 5 6 7 9 10 11 12 13 | 13.2
Spellcasting   | 2 3 4 5 6 |  6.0
Ice Magic      | 1 2 3 4 5 6 |  6.6
Evocations     | 1 2 3 4 5 6 |  6.0
Earth Magic    | 1 3 |  3.6
Conjurations   | 1 3 |  3.1

Action                   |  1- 3 |  4- 6 |  7- 9 | 10-12 | 13-15 || total
-------------------------+-------+-------+-------+-------+-------++-------
Melee: Unarmed           |    39 |   157 |   273 |   630 |   925 ||  2024
       Kick              |     1 |     5 |    37 |    17 |       ||    60
       Headbutt          |       |     3 |    19 |     7 |       ||    29
       Punch             |       |     4 |     4 |    11 |    29 ||    48
 Cast: Beastly Appendage |     1 |     6 |    10 |     8 |     2 ||    27
       Wereblood         |     1 |     2 |     5 |    22 |    22 ||    52
       Ice Form          |       |       |       |    32 |    40 ||    72
       Lee's Rapid Decon |       |       |       |       |     1 ||     1
Invok: Curse Item        |       |       |       |     6 |     1 ||     7
       Shatter the Chain |       |       |       |     1 |       ||     1
Evoke: Wand              |       |       |     4 |     5 |       ||     9
       Lightning rod     |       |       |       |     3 |       ||     3
  Use: Potion            |     1 |       |     3 |     3 |       ||     7
       Scroll            |       |     7 |     6 |     2 |     3 ||    18
 Stab: Sleeping          |     2 |       |     1 |       |       ||     3
Armor: Robe              |    10 |    52 |    88 |    88 |    83 ||   321
       Skin              |     4 |       |     1 |   112 |   247 ||   364
Dodge: Dodged            |    18 |    71 |   129 |   262 |   428 ||   908
Block: Other             |       |       |       |   146 |   201 ||   347
       Reflection        |       |       |       |     9 |     4 ||    13

Table legend: (Time is in decaauts)
 A = Elapsed time spent in this place.
 B = Non-inter-level travel time spent in this place.
 C = Inter-level travel time spent in this place.
 D = Time resting spent in this place.
 E = Time spent auto-exploring this place.
 F = Levels seen in this place.
 G = Mean time per level.
                   A        B        C        D        E       F      G
               +--------+--------+--------+--------+--------+-----+--------+
         Total |  24362 |  23136 |   1226 |   1629 |  17035 |  21 | 1160.1 |
       Dungeon |  10866 |  10174 |    692 |    285 |   7954 |  11 |  987.8 |
          Lair |   8364 |   8039 |    325 |    467 |   6289 |   5 | 1672.8 |
     Snake Pit |   2434 |   2292 |    142 |    565 |   1472 |   2 | 1217.0 |
  Orcish Mines |   2356 |   2290 |     66 |    238 |   1284 |   2 | 1178.0 |
      Gauntlet |    342 |    342 |      0 |     73 |     36 |   1 |  342.0 |
               +--------+--------+--------+--------+--------+-----+--------+

Top non-repeatable levels by time:
 Snake:1: 2417 daAuts
  Lair:5: 2290 daAuts
  Lair:4: 1866 daAuts
  Lair:1: 1853 daAuts
    D:11: 1374 daAuts
   Orc:2: 1302 daAuts
     D:9: 1257 daAuts
  Lair:3: 1189 daAuts
  Lair:2: 1164 daAuts
     D:6: 1097 daAuts
     D:5: 1059 daAuts
     D:3: 1059 daAuts
   Orc:1: 1054 daAuts
     D:8: 1007 daAuts
    D:10: 971 daAuts
